 Dungeon Crawl Stone Soup version 0.18-a0-1147-g8e8348b (webtiles) character file.

75 Reinor the Insei (level 4, -3/30 (31) HPs)
             Began as an Octopode Chaos Knight on Jan 22, 2016.
             Killed from afar by a white imp (4 damage)
             ... with a puff of frost
             ... summoned by Xom
             ... on level 2 of the Dungeon.
             The game lasted 00:07:21 (2299 turns).

Reinor the Insei (Octopode Chaos Knight)            Turns: 2299, Time: 00:07:21

HP:   -3/30 (31)    AC:  2    Str:  7 (8)  XL:     4   Next: 31%
MP:   4/4           EV: 10    Int: 13 (14) God:    Xom [......]
Gold: 116           SH:  0    Dex: 11 (12) Spells: 0 memorised, 3 levels left

rFire  . . .     SeeInvis +       - Unarmed
rCold  + . .     Gourm    .     (no shield)
rNeg   . . .     Faith    .     b - +1 hat
rPois  .         Spirit   .     (no amulet)
rElec  .         Dismiss  .     e - -3 ring of strength (curse)
rCorr  .         Reflect  .     f - ring of protection from cold
SustAt .         Harm     .     j - -2 ring of evasion (curse)
MR     .....     Rnd*Rage +     l - ring of see invisible
Stlth  ++........               (no ring)
                                (no ring)
                                (no ring)
                                (no ring)

@: not resistant to hostile enchantments, unstealthy
A: almost no armour, amphibious, 8 rings, constrict 8, camouflage 1, berserk 1,
blurry vision 1, deterioration 2, gelatinous body 1
a: Renounce Religion


You were on level 2 of the Dungeon.
You worshipped Xom.
You were a very special plaything of Xom.
You were not hungry.

You visited 1 branch of the dungeon, and saw 3 of its levels.

You collected 116 gold pieces.

Inventory:

Armour
 b - a +1 hat (worn)
Rods
 i - a +1 rod of shadows (12/12)
   (You found it on level 3 of the Dungeon)
Jewellery
 e - a cursed -3 ring of strength (left tentacle)
 f - a ring of protection from cold (right tentacle)
 j - a cursed -2 ring of evasion (on tentacle)
 l - a ring of see invisible (on tentacle)
Scrolls
 d - a scroll of amnesia
Potions
 h - a potion of invisibility {unknown}
Comestibles
 a - 6 bread rations
 c - a meat ration
 k - a beef jerky


   Skills:
 - Level 3.0 Fighting
 - Level 2.3 Dodging
 + Level 5.0 Unarmed Combat


You had 3 spell levels left.
You didn't know any spells.

Dungeon Overview and Level Annotations

Branches:
Dungeon (3/15)

Altars:
Pakellas


Innate Abilities, Weirdness & Mutations

You cannot wear most types of armour.
You are amphibious.
You can wear up to eight rings at the same time.
You can use your tentacles to constrict eight enemies at once.
Your skin changes colour to match your surroundings (Stealth).
Your rubbery body absorbs attacks (AC +1).
You tend to lose your temper in combat.
Scrolls take you a little longer to read.
Your body often deteriorates upon taking damage.


Message History

You constrict the white imp. The white imp closely misses you.
You tentacle-slap the white imp.
The white imp is lightly wounded.
You constrict the white imp, but do no damage.
The white imp shouts, "Back with thee, thou quaking clapper-clawed wagtail!"
The white imp gestures at you. The puff of frost hits you! You resist.
* * * LOW HITPOINT WARNING * * *
Your body deteriorates!
You feel dopey.
The crimson imp blinks!
You release your grip on the white imp.
The crimson imp blinks!
The crimson imp shouts, "Remove thy stench, thou artless spleeny jarkman!"
The white imp gestures at you. The puff of frost hits you! You resist.
* * * LOW HITPOINT WARNING * * *
Xom is interested.
The white imp gestures at you. The puff of frost hits you! You resist.
You die...

##########
###########........#
#.....@.)....##.##.#
#5######......#.##.#
#.# #.##.#.#.##.#
#.# #.##.....##.#
##5# #.####.####.#
#..# #.# #.# #.#
#5## #.# #.# ##.####
##.## #.#
#.###.#....
########.#)######.#
#.##.###.##


You could see a white imp.

Vanquished Creatures
  2 adders (D:2)
  An ooze (D:2)
  A giant gecko (D:2)
  An orc (D:2)
  4 bats
  4 giant cockroaches
  5 goblins
  2 hobgoblins (D:1)
  8 jackals
  7 kobolds
  2 quokkas (D:2)
  4 giant newts
  9 rats
50 creatures vanquished.

Notes
Turn   | Place    | Note
--------------------------------------------------------------
     0 | D:1      | Reinor the Octopode Chaos Knight began the quest for the Orb.
     0 | D:1      | Reached XP level 1. HP: 16/16 MP: 1/1
    67 | D:1      | XOM: harmless Chrm miscast
    74 | D:1      | XOM: harmless Tloc miscast
   246 | D:1      | Reached XP level 2. HP: 21/21 MP: 2/2
   519 | D:1      | Reached skill level 4 in Unarmed Combat
   744 | D:1      | XOM: harmless Air miscast
   787 | D:1      | XOM: silly message
   914 | D:1      | Reached XP level 3. HP: 22/26 MP: 3/3
   922 | D:1      | XOM: harmless Chrm miscast
   943 | D:1      | XOM: silly message
  1172 | D:2      | Found a faded altar to an unknown god.
  1315 | D:2      | XOM: mild Fire miscast
  1318 | D:2      | Found an oddly glowing altar of Pakellas.
  1485 | D:2      | XOM: colour smoke trail
  1510 | D:2      | XOM: mild Trmt miscast
  1574 | D:2      | Reached XP level 4. HP: 20/31 MP: 4/4
  1630 | D:2      | XOM: harmless Trmt miscast
  1842 | D:2      | XOM: mild Necr miscast
  1941 | D:2      | XOM: give mutations
  1941 | D:2      | Gained mutation: Scrolls take you a little longer to read. [Xom's mischief]
  1941 | D:2      | Gained mutation: Your body sometimes deteriorates upon taking damage. [Xom's mischief]
  1941 | D:2      | Gained mutation: Your body often deteriorates upon taking damage. [Xom's mischief]
  1941 | D:2      | Gained mutation: You tend to lose your temper in combat. [Xom's mischief]
  2195 | D:3      | Reached skill level 5 in Unarmed Combat
  2198 | D:3      | Identified a +1 rod of shadows (12/12) (You found it on level 3 of the Dungeon)
  2275 | D:2      | XOM: summons 2 hostile demons
  2295 | D:2      | HP: 1/30 [white imp/puff of frost[Xom] (6)]
  2299 | D:2      | Killed from afar by a white imp

Vault maps used:
D:1:      minmay_arrival_widening_spiral_wide
D:2:      first_bread, ecumenical_altar_2, grunt_pakellas_basics
D:3:      elyvilon_altar_4, trog_book, uniq_crazy_yiuf_cottage, uniq_natasha

Action                   |  1- 3 |  4- 6 || total
-------------------------+-------+-------++-------
Melee: Unarmed           |    68 |    31 ||    99
  Use: Scroll            |     5 |     3 ||     8
       Potion            |     2 |       ||     2
 Stab: Sleeping          |     7 |     3 ||    10
       Distracted        |       |     1 ||     1
  Eat: Chunk             |     2 |     3 ||     5
